 Dungeon Crawl Stone Soup version 0.31-a0-963-ga325b2283a (webtiles) character file.

Game seed: 9764592954612924095

268 gelatine the Chopper (level 6, -8/51 HPs)
             Began as a Ghoul Gladiator on Oct 25, 2023.
             Killed from afar by Ijyb (12 damage)
             ... with a bolt of light
             ... on level 3 of the Dungeon.
             The game lasted 00:08:58 (2341 turns).

gelatine the Chopper (Ghoul Gladiator)              Turns: 2341, Time: 00:08:58

Health: -8/51      AC:  6    Str: 23    XL:     6   Next: 21%
Magic:  5/5        EV: 11    Int:  9    God:
Gold:   138        SH:  0    Dex: 10    Spells: 5/5 levels left

rFire   . . .        a - +0 war axe
rCold   + . .        (no shield)
rNeg    + + +        k - +0 ring mail
rPois   ∞            c - +0 helmet
rElec   .            (no cloak)
rCorr   +            (no gloves)
SInv    +            (no boots)
Will    .....        (no amulet) Stlth
                     p - ring of Erhiwnaf {rCorr Str+3 Int+6 SInv Stlth-}
HPRegen 0.00/turn    (no ring)
MPRegen 0.09/turn

%: no passive effects
@: confused, inhibited regen
A: claws 1, cold resistance 1, negative energy resistance 3, inhibited
regeneration, torment resistance 2, devour on kill
a: no special abilities


You were on level 3 of the Dungeon.
You visited 1 branch of the dungeon, and saw 5 of its levels.

You collected 138 gold pieces.

Inventory:

Hand Weapons
 a - a +0 war axe (weapon)
Missiles
 d - 3 throwing nets
 f - 13 stones
Armour
 b - a +0 leather armour
 c - a +0 helmet (worn)
 k - a +0 ring mail (worn)
Magical Staves
 g - a staff of fire
Jewellery
 p - the ring of Erhiwnaf (left claw) {rCorr Str+3 Int+6 SInv Stlth-}
   (You found it on level 2 of the Dungeon)

   [ring of intelligence]

   Str+3:     It affects your strength (+3).
   Int+6:     It affects your intelligence (+6).
   SInv:      It lets you see invisible.
   rCorr:     It protects you from acid and corrosion.
   Stlth-:    It makes you less stealthy.
Scrolls
 e - a scroll of vulnerability {unknown}
 i - a scroll of poison {unknown}
 m - a scroll of blinking {unknown}
 n - a scroll of immolation {unknown}
 o - 5 scrolls of identify {unknown}
 r - a scroll of teleportation {unknown}
 s - a scroll of revelation {unknown}
 t - a scroll of silence {unknown}
Potions
 j - a potion of enlightenment {unknown}
 l - a potion of mutation {unknown}
 q - a potion of brilliance {unknown}


   Skills:
 + Level 3.0 Fighting
 + Level 4.4 Axes
 + Level 1.8 Throwing
 + Level 2.8 Armour
 + Level 3.4 Dodging


You had 5 spell levels left.
You didn't know any spells.
Your spell library contained the following spells:

 Spells                   Type           Power      Damage    Failure   Level
 Freeze                   Ice            0%         1d3       54%         1
 Frozen Ramparts          Ice            0%         1d1       88%         3
 Gell's Gravitas          Tloc           0%         N/A       88%         3
 Hailstorm                Conj/Ice       0%         3d3       88%         3
 Teleport Other           Tloc           0%         N/A       88%         3
 Dispersal                Tloc           0%         N/A       100%        6


Dungeon Overview and Level Annotations

Branches:
Dungeon (5/15)
 Temple: D:4-7

Altars:

Annotations:
D:3 Ijyb


Innate Abilities, Weirdness & Mutations

You are immune to poison.
You have sharp fingernails.
Your flesh is cold resistant. (rC+)
You are immune to negative energy. (rN+++)
You do not regenerate when monsters are visible.
You are immune to unholy pain and torment.
You thrive by killing the living.


Message History

The endoplasm misses you.
You hit the endoplasm.
The endoplasm is severely wounded.
Ijyb the Twisted Goblin comes into view.
She is wielding a +0 club and carrying a wand of light.
The endoplasm hits you.
The endoplasm hits you but does no damage.
You barely miss the endoplasm.
The endoplasm is severely wounded.
Ijyb shouts!
The endoplasm barely misses you.
You completely miss the endoplasm.
The endoplasm is severely wounded.
The endoplasm closely misses you.
You completely miss the endoplasm.
The endoplasm is severely wounded.
The endoplasm hits you but does no damage.
You slash the endoplasm!
You kill the endoplasm!
You barely miss Ijyb. Ijyb hits you with a +0 club.
You closely miss Ijyb. Ijyb misses you.
You barely miss Ijyb. Ijyb closely misses you.
Ijyb hits you but does no damage.
You slash Ijyb!
Ijyb is moderately wounded.
Ijyb zaps a wand.
The bolt of light hits you!
You barely miss Ijyb.
Ijyb is moderately wounded.
Ijyb closely misses you.
You barely miss Ijyb.
Ijyb is moderately wounded.
Ijyb zaps a wand.
The bolt of light hits you!
You barely miss Ijyb.
Ijyb is moderately wounded.
Ijyb hits you but does no damage.
Ijyb zaps a wand.
The bolt of light hits you!
* * * LOW HITPOINT WARNING * * *
You slash Ijyb!
Ijyb is severely wounded.
Ijyb zaps a wand.
The bolt of light hits you!
You are confused.
You die...

## #.# #.....# .###.#
####.....# ...#.##
##.(.........
##....######
##.............
###.......#
#.....(........
#)#####...##.....(.......
#.# ......((... #.#
#......... ####.#
####)@g...... ..##.#
##............
#.##.######..###........
............## ##.....##
###..######## ###### #..#
#..# ####


You could see Ijyb.

Vanquished Creatures
  A scorpion (D:4)
  A hound (D:5)
  An iguana (D:4)
  Terence (D:2)
  5 adders (D:2)
  3 gnolls (D:5)
  A dart slug (D:1)
  6 endoplasms
  2 giant cockroaches
  5 goblins
  7 hobgoblins
  4 jackals (D:5)
  3 quokkas
  3 ball pythons
  6 bats
  2 frilled lizards
  4 kobolds
  2 rats
57 creatures vanquished.

Notes
Turn   | Place    | Note
-------+----------+-------------------------------------------
     0 | D:1      | gelatine the Ghoul Gladiator began the quest for the Orb.
     0 | D:1      | Reached XP level 1. HP: 17/17 MP: 0/0
   113 | D:1      | Reached XP level 2. HP: 18/24 MP: 1/1
   242 | D:1      | Reached skill level 3 in Axes
   564 | D:1      | Reached XP level 3. HP: 30/30 MP: 2/2
   971 | D:2      | Noticed Terence
   992 | D:2      | HP: 1/30 [Terence/+0 flail (7)]
   995 | D:2      | Killed Terence
   996 | D:2      | Reached skill level 1 in Armour
   996 | D:2      | Reached XP level 4. HP: 6/37 MP: 3/3
  1134 | D:2      | Identified the ring of Erhiwnaf {rCorr Str+3 Int+6 SInv
                  | Stlth-}
  1546 | D:3      | Found a faded altar of an unknown god.
  1644 | D:3      | You fall into a shaft and drop 2 floors!
  1644 | D:5      | Entered Level 5 of the Dungeon
  1658 | D:5      | Reached XP level 5. HP: 31/42 MP: 4/4
  1801 | D:5      | Reached skill level 4 in Axes
  2002 | D:4      | Reached XP level 6. HP: 14/51 MP: 5/5
  2329 | D:3      | Noticed Ijyb
  2341 | D:3      | Killed from afar by Ijyb

Illustrated notes

Levels and vault maps discovered:
D:1:      sevenhm_arrival_forest_fort_large_4, layout_basic,
          minmay_misc_feat_doors
D:2:      layout_rooms, st_stairs_8, uniq_terence
D:3:      layout_rooms, shapermc_ecumenical_altar_pompeii, uniq_ijyb
D:4:      layout_loops_ring, serial_shops, nicolae_lakefront_shop
D:5:      layout_gridville, minmay_temple_entry_antechambers,
          corexii_corridor_pit

Skill      XL: |  1  2  3  4  5 |
---------------+----------------+-----
Dodging        | 3 |  3.4
Axes           | 3 4 |  4.4
Armour         | 1 2 |  2.8
Fighting       | 3 |  3.0
Throwing       | |  1.8

Action                     |  1- 3 |  4- 6 || total
---------------------------+-------+-------++-------
  Melee: War axe           |    87 |   107 ||   194
         Punch             |     1 |     1 ||     2
  Throw: Stone             |     5 |     1 ||     6
         Dart              |       |     8 ||     8
         Javelin           |       |     1 ||     1
    Use: Potion            |     1 |       ||     1
 Armour: Leather armour    |    24 |       ||    24
         Ring mail         |    43 |   110 ||   153
  Dodge: Dodged            |    76 |    96 ||   172

Table legend: (Time is in decaauts)
 A = Elapsed time spent in this place.
 B = Non-inter-level travel time spent in this place.
 C = Inter-level travel time spent in this place.
 D = Time resting spent in this place.
 E = Time spent auto-exploring this place.
 F = Levels seen in this place.
 G = Mean time per level.
                   A        B        C        D        E       F      G
               +--------+--------+--------+--------+--------+-----+--------+
         Total |   2402 |   2343 |     59 |      0 |   1673 |   5 |  480.4 |
       Dungeon |   2402 |   2343 |     59 |      0 |   1673 |   5 |  480.4 |
               +--------+--------+--------+--------+--------+-----+--------+

Top non-repeatable levels by time:
     D:1: 927 daAuts
     D:2: 633 daAuts
     D:4: 340 daAuts
     D:3: 314 daAuts
     D:5: 186 daAuts
